 Dungeon Crawl Stone Soup version 0.17-a0-2109-g117576f (webtiles) character file.

3521 gorblad the Covered (level 9, -1/103 HPs)
             Began as a Demonspawn Gladiator on Oct 19, 2015.
             Was an Elder of Okawaru.
             Slain by a four-headed hydra (4 damage)
             ... on level 1 of the Lair of Beasts.
             The game lasted 00:24:09 (5598 turns).

gorblad the Covered (Demonspawn Gladiator)          Turns: 5598, Time: 00:24:09

Health: -1/103     AC: 26    Str: 22    XL:     9   Next: 81%
Magic:  9/9        EV:  7    Int:  9    God:    Okawaru [****..]
Gold:   306        SH:  9    Dex: 14    Spells: 0 memorised, 8 levels left

rFire  . . .     SeeInvis .     u - +8 mace
rCold  + . .     Clarity  .     J - +1 plate armour
rNeg   . . .     SustAt   .     G - +0 shield
rPois  .         Gourm    .     (helmet unavailable)
rElec  .         Spirit   .     z - +0 cloak {+Inv}
rCorr  .         Warding  .     k - +2 pair of gloves
rMut   .         Stasis   .     (no boots)
MR     .....                    (no amulet)
Stlth  ..........               M - ring of stealth
                                y - ring of protection from cold

@: berserking, lethally poisoned (-1 -> -1), very quick, not resistant to
hostile enchantments, extremely unstealthy
A: horns 3, rough black scales 2, mutation resistance 1, spiny 2
a: Heroism, Renounce Religion, Evoke Invisibility


You were on level 1 of the Lair of Beasts.
You worshipped Okawaru.
Okawaru was greatly pleased with you.
You were not hungry.

You visited 3 branches of the dungeon, and saw 10 of its levels.

You collected 306 gold pieces.

Inventory:

Hand Weapons
 a - a +0 long sword
 u - a +8 mace (weapon)
 I - a +3 battleaxe
Missiles
 d - 5 throwing nets
 i - 7 needles of paralysis
 o - 9 tomahawks (quivered)
Armour
 b - a +0 leather armour
 c - a +0 helmet
 k - a +2 pair of gloves (worn)
 l - a +0 scale mail
 m - a +0 ring mail
 n - a +0 buckler
 p - a +0 chain mail
 z - a +0 cloak of invisibility (worn)
 G - a +0 shield (worn)
 J - a +1 plate armour (worn)
 N - a +0 troll leather armour
Jewellery
 y - a ring of protection from cold (left hand)
 B - a +4 ring of intelligence
 M - a ring of stealth (right hand)
 P - an uncursed ring of fire {unknown}
Wands
 F - a wand of polymorph (11)
Scrolls
 f - a scroll of random uselessness
 g - 4 scrolls of remove curse
 h - 4 scrolls of identify
 r - a scroll of enchant weapon
 A - a scroll of teleportation
 Q - a scroll of magic mapping {unknown}
Potions
 q - 3 potions of curing {unknown}
 s - a potion of poison {unknown}
 t - 2 potions of flight {unknown}
 w - a potion of mutation {unknown}
 x - 2 potions of berserk rage
 E - a potion of agility {unknown}
 H - a potion of heal wounds {unknown}
 K - a potion of ambrosia {unknown}
 O - a potion of degeneration {unknown}
 R - a potion of haste {unknown}
Books
 L - a book of Maledictions

   Spells                             Type                      Level
   a - Corona                         Hexes                        1
   b - Ensorcelled Hibernation        Hexes/Ice                    2
   c - Confuse                        Hexes                        3
   d - Tukima's Dance                 Hexes                        3
   e - Dazzling Spray                 Conjuration/Hexes            3
Comestibles
 e - 5 bread rations
 j - 6 meat rations
 v - 3 beef jerkies
 C - 2 royal jellies
 D - 9 slices of pizza


   Skills:
 + Level 6.0 Fighting
 + Level 3.9 Long Blades
 + Level 5.4 Maces & Flails
 + Level 1.7 Throwing
 + Level 7.6 Armour
 + Level 5.5 Dodging
 + Level 2.0 Stealth
 + Level 2.9 Shields


You had 8 spell levels left.
You didn't know any spells.

Dungeon Overview and Level Annotations

Branches:
Dungeon (8/15)             Temple (1/1) D:7            Lair (1/8) D:8

Altars:
Cheibriados
Elyvilon
Fedhas
Gozag
Kikubaaqudgha
Makhleb
Nemelex Xobeh
Okawaru
Qazlal
Ru
Sif Muna
Trog
Xom
Yredelemnul
Zin

Shops:
D:7 }!


Innate Abilities, Weirdness & Mutations

You have a pair of large horns on your head.
You are mostly covered in rough black scales (AC +7, Dex -2).
You are mostly covered in sharp spines.
You are somewhat resistant to further mutation.


Message History

The four-headed hydra bites you but does no damage.
The four-headed hydra barely misses you.
The four-headed hydra bites you!
* * * LOW HITPOINT WARNING * * *
You are too injured to fight recklessly!
Drink which item? (? for menu, Esc to quit)
Okay, then.
The sheep is struck by your spines.
You kill the sheep!
Okawaru accepts your kill.
You feel sick. The sheep bites you.
* * * LOW HITPOINT WARNING * * *
* * * LOW HITPOINT WARNING * * *
You feel sick.
Drink which item? (? for menu, Esc to quit)
It was a potion of berserk rage.
A red film seems to cover your vision as you go berserk!
You feel yourself moving faster!
You feel mighty! You block the sheep's attack. The four-headed hydra bites you.
You die...

## ####
######P#######..###.##
..............<.......
#....D@.##.##.... ##.
#....YY## ## .
....##......#
............#
....#P..†...# .!.
#.†††....# ..
##.:.....+ # #.......#
#.....>##


You could see a four-headed hydra and 2 sheep.

Vanquished Creatures
  Pikel (D:7)
  Joseph (D:7)
  A troll (D:7)
  A human (D:7)
  Menkaure (D:7)
  3 ice beasts
  2 sky beasts
  A water moccasin (Lair:1)
  2 phantoms
  2 orc warriors (D:6)
  A slave (D:7)
  A big kobold (D:8)
  2 centaurs (D:7)
  A giant frog (D:7)
  2 scorpions (D:4)
  A water moccasin skeleton (D:4)
  4 wights (D:6)
  3 crimson imps (D:5)
  A hound (D:5)
  An iguana (D:6)
  2 orc wizards
  Crazy Yiuf (D:3)
  2 orc priests
  A giant frog skeleton (D:4)
  A worker ant (D:3)
  A centaur skeleton (D:4)
  8 sheep
  A hound skeleton (D:4)
  9 adders
  2 oozes
  An adder skeleton (D:5)
  3 adder zombies
  3 worms
  2 giant geckos (D:1)
  19 orcs
  5 bats
  7 giant cockroaches
  8 goblins
  3 hobgoblins
  4 jackals (D:1)
  7 kobolds
  5 quokkas
  A ball python (D:2)
  A giant gecko zombie (D:5)
  4 giant newts
  A quokka zombie (D:5)
  6 rats
140 creatures vanquished.

Notes
Turn   | Place    | Note
--------------------------------------------------------------
     0 | D:1      | gorblad the Demonspawn Gladiator began the quest for the Orb.
     0 | D:1      | Reached XP level 1. HP: 16/16 MP: 1/1
     0 | D:1      | Noticed a merfolk zombie
     4 | D:1      | Noticed a human zombie
     4 | D:1      | Noticed a merfolk zombie
     6 | D:1      | Noticed a troll zombie
     8 | D:1      | Noticed an octopode zombie
    11 | D:1      | Noticed a spriggan zombie
    13 | D:1      | Noticed a minotaur zombie
    18 | D:1      | Noticed a human zombie
    18 | D:1      | Noticed an elf zombie
    20 | D:1      | Noticed a minotaur zombie
    20 | D:1      | Noticed a minotaur zombie
    24 | D:1      | Noticed a spriggan zombie
   216 | D:1      | Reached skill level 3 in Dodging
   227 | D:1      | Gained mutation: You are partially covered in sharp spines. [demonic ancestry]
   227 | D:1      | Reached XP level 2. HP: 15/22 MP: 2/2
   553 | D:1      | Gained mutation: You have a pair of small horns on your head. [demonic ancestry]
   553 | D:1      | Reached XP level 3. HP: 27/27 MP: 3/3
   961 | D:2      | Found an iron altar of Okawaru.
   970 | D:2      | Found a glowing silver altar of Zin.
   984 | D:2      | Found a basalt altar of Yredelemnul.
  1016 | D:2      | Became a worshipper of Warmaster Okawaru
  1220 | D:2      | Gained mutation: You have a pair of horns on your head. [demonic ancestry]
  1220 | D:2      | Reached XP level 4. HP: 34/34 MP: 4/4
  1893 | D:3      | Reached skill level 1 in Armour
  2093 | D:3      | Reached XP level 5. HP: 35/40 MP: 5/5
  2315 | D:3      | Noticed Crazy Yiuf
  2321 | D:3      | Killed Crazy Yiuf
  2448 | D:3      | Reached skill level 4 in Dodging
  2488 | D:4      | Noticed a phantom
  2495 | D:4      | Gained mutation: You have a pair of large horns on your head. [demonic ancestry]
  2495 | D:4      | Reached XP level 6. HP: 28/47 MP: 6/6
  2512 | D:4      | Killed a phantom
  2512 | D:4      | Reached * piety under Okawaru
  2982 | D:4      | Reached skill level 1 in Maces & Flails
  3130 | D:4      | Gained mutation: You are mostly covered in sharp spines. [demonic ancestry]
  3130 | D:4      | Reached XP level 7. HP: 52/52 MP: 7/7
  3420 | D:5      | Entered Level 5 of the Dungeon
  3478 | D:5      | Reached skill level 1 in Stealth
  3758 | D:5      | Reached ** piety under Okawaru
  3786 | D:5      | Gained mutation: You are partially covered in rough black scales (AC +4, Dex -1). [demonic ancestry]
  3786 | D:5      | Reached XP level 8. HP: 59/61 MP: 8/8
  4105 | D:6      | Reached skill level 1 in Shields
  4168 | D:6      | Reached skill level 5 in Armour
  4390 | D:6      | Reached skill level 5 in Fighting
  4579 | D:7      | Found Haefi's Distillery.
  4594 | D:7      | Noticed Joseph
  4601 | D:7      | Killed Joseph
  4601 | D:7      | Reached *** piety under Okawaru
  4601 | D:7      | Reached skill level 6 in Armour
  4601 | D:7      | Reached skill level 5 in Dodging
  4617 | D:7      | Noticed a troll
  4623 | D:7      | Killed a troll
  4623 | D:7      | Gained mutation: You are mostly covered in rough black scales (AC +7, Dex -2). [demonic ancestry]
  4623 | D:7      | Reached XP level 9. HP: 52/68 MP: 9/9
  4945 | D:7      | Noticed Pikel
  4959 | D:7      | Killed Pikel
  4959 | D:7      | Reached **** piety under Okawaru
  4959 | D:7      | Reached skill level 5 in Maces & Flails
  5155 | D:7      | Noticed Menkaure
  5156 | D:7      | Found Putoc's Quality Used Wands.
  5161 | D:7      | Killed Menkaure
  5161 | D:7      | Received a gift from Okawaru
  5280 | D:7      | Reached skill level 7 in Armour
  5418 | D:7      | Found a staircase to the Ecumenical Temple.
  5425 | Temple   | Entered the Ecumenical Temple
  5540 | D:8      | Found a staircase to the Lair.
  5559 | D:8      | Gained mutation: You are somewhat resistant to further mutation. [mutagenic meat]
  5574 | Lair:1   | Entered Level 1 of the Lair of Beasts
  5584 | Lair:1   | Noticed a four-headed hydra
  5595 | Lair:1   | HP: 3/69 [sheep (4)]
  5598 | Lair:1   | Slain by a four-headed hydra

Vault maps used:
D:1:      shiori_arrival_whats_in_store_for_you
D:2:      grunt_temple_overflow_diamond
D:3:      uniq_crazy_yiuf_cottage
D:4:      first_bread
D:7:      temple_green, serial_shops, shop_fountains, grunt_livestock,
          nicolae_for_you_no_charge, uniq_menkaure, uniq_pikel, uniq_joseph
D:8:      gammafunk_temple_overflow_statue, gammafunk_temple_overflow_elements,
          lair_0_dummy, basic_altar, minivault_23, uniq_prince_ribbit1,
          uniq_psyche
Temple:   temple_eino_lava_12
Lair:1:   serial_bayou, serial_bayou_lagoon_a, serial_bayou_pond_b,
          serial_bayou_pond_b, serial_bayou_shore_b, serial_bayou_pond_b,
          serial_bayou_pond_a, uniq_gastronok

Action                   |  1- 3 |  4- 6 |  7- 9 || total
-------------------------+-------+-------+-------++-------
Melee: Long sword        |    55 |     9 |       ||    64
       Mace              |       |    69 |   149 ||   218
  Use: Scroll            |       |     2 |    13 ||    15
       Potion            |       |       |     1 ||     1
  Eat: Chunk             |     1 |     4 |     4 ||     9
       Pizza             |       |     1 |       ||     1
       Beef jerky        |       |     1 |       ||     1
       Meat ration       |       |       |     1 ||     1
       Bread ration      |       |       |     1 ||     1
